 Dungeon Crawl Stone Soup version 0.30-a0-368-g86fb4627a9 (webtiles) character file.

Game seed: 6406649042019755077

322 bande the Chopper (level 6, -6/39 HPs)
             Began as a Gargoyle Fighter on Nov 20, 2022.
             Mangled by an ogre
             ... wielding a +0 giant club
              (14 damage)
             ... on level 5 of the Dungeon.
             The game lasted 00:04:56 (2980 turns).

bande the Chopper (Gargoyle Fighter)                Turns: 2980, Time: 00:04:57

Health: -6/39      AC: 12    Str: 20    XL:     6   Next: 47%
Magic:  6/6        EV:  9    Int:  8    God:
Gold:   188        SH:  4    Dex: 11    Spells: 5/5 levels left

rFire   . . .      SeeInvis .    a - +0 war axe
rCold   . . .      Faith    .    c - +0 buckler
rNeg    + . .      Spirit   .    b - +0 scale mail
rPois   ∞          Reflect  .    (no helmet)
rElec   +          Harm     .    (no cloak)
rCorr   .          Rampage  .    l - +0 pair of gloves
Will    .....                    (no boots)
Stlth   ..........               (no amulet)
HPRegen 0.26/turn                (no ring)
MPRegen 0.10/turn                (no ring)

@: no status effects
A: sickness immunity, AC +4, negative energy resistance 1, electricity
resistance, torment resistance 1, petrification resistance
a: no special abilities


You were on level 5 of the Dungeon.
You visited 1 branch of the dungeon, and saw 5 of its levels.

You collected 188 gold pieces.

Inventory:

Hand Weapons
 a - a +0 war axe (weapon)
Missiles
 n - a throwing net (quivered)
Armour
 b - a +0 scale mail (worn)
 c - a +0 buckler (worn)
 l - a +0 pair of gloves (worn)
Scrolls
 i - 2 scrolls of poison
 j - 3 scrolls of teleportation
 m - 2 scrolls of noise {unknown}
 p - a scroll of enchant armour {unknown}
Potions
 d - a potion of might
 e - 2 potions of flight
 f - 4 potions of curing
 g - 2 potions of brilliance
 h - a potion of lignification {unknown}
 k - 2 potions of attraction {unknown}
 o - a potion of degeneration {unknown}


   Skills:
 + Level 4.3 Fighting
 + Level 4.7 Axes
 + Level 4.3 Armour
 + Level 3.8 Shields


You had 5 spell levels left.
You didn't know any spells.
Your spell library contained the following spells:

 Spells                   Type           Power      Damage    Failure   Level
 Ensorcelled Hibernation  Hex/Ice        0%         N/A       93%         2
 Passwall                 Tmut/Erth      0%         N/A       93%         2
 Poisonous Vapours        Pois/Air       0%         N/A       93%         2
 Ignite Poison            Fire/Tmut/Pois 0%         N/A       99%         3
 Kindle Blastsparks       Fire/Tloc/Air  0%         2d10      99%         3
 Mephitic Cloud           Conj/Pois/Air  0%         N/A       99%         3
 Swiftness                Air            0%         N/A       99%         3
 Freezing Cloud           Conj/Ice/Air   0%         6-21      100%        5
 Cigotuvi's Dreadful Rot  Necr/Pois/Air  Unusable   N/A       N/A         2

Dungeon Overview and Level Annotations

Branches:
Dungeon (5/15)
 Temple: D:4-7

Altars:
Cheibriados
Kikubaaqudgha


Innate Abilities, Weirdness & Mutations

You are immune to sickness and miasma.
Your stone body is resilient. (AC +4)
You are immune to poison.
You resist negative energy. (rN+)
You are resistant to electric shocks. (rElec)
You are resistant to unholy torment.
You are immune to petrification.


Message History

You barely miss the scorpion.
The scorpion is almost dead.
The scorpion stings you but does no damage.
The scorpion stings you.
You slash the scorpion!
You kill the scorpion!
No target in view!
No target in view!
No target in view!
No target in view!
No target in view!
No target in view!
HP restored.
You see here a scorpion corpse.
Found an escape hatch in the floor.
An ogre comes into view. It is wielding a +0 giant club.
The ogre shouts!
Found 14 gold pieces.
Found a scroll labelled HOHU HOYN.
The ogre hits you with a +0 giant club!
You slash the ogre!
The ogre is heavily wounded.
You barely miss the ogre.
The ogre is heavily wounded.
You block the ogre's attack.
You closely miss the ogre.
The ogre is heavily wounded.
The ogre hits you with a +0 giant club!!
Ouch! That really hurt!
* * * LOW HITPOINT WARNING * * *
You are too injured to fight recklessly!
You are too injured to fight recklessly!
You are too injured to fight recklessly!
You are too injured to fight recklessly!
You are too injured to fight recklessly!
You are too injured to fight recklessly!
You hit the ogre.
The ogre is heavily wounded.
The ogre hits you with a +0 giant club!
You die...

..............#####...#
..............## #....
.?........#.†## #....
#...........### #....
#...>.........######....
............#......#####
..........########..# #
..........# .......@..#
..$...O...# #........##
##......## ########


You could see an ogre.

Vanquished Creatures
  A scorpion (D:5)
  2 hounds (D:4)
  An orc priest (D:3)
  An iguana (D:4)
  2 orc wizards
  An adder (D:4)
  2 worms (D:4)
  3 dart slugs
  2 orcs
  3 endoplasms
  2 giant cockroaches (D:1)
  7 goblins
  7 hobgoblins
  6 jackals
  3 quokkas
  2 ball pythons (D:1)
  8 bats
  7 frilled lizards
  7 kobolds
  10 rats
77 creatures vanquished.

Notes
Turn   | Place    | Note
-------+----------+-------------------------------------------
     0 | D:1      | bande the Gargoyle Fighter began the quest for the Orb.
     0 | D:1      | Reached XP level 1. HP: 14/14 MP: 1/1
    64 | D:1      | Reached XP level 2. HP: 11/19 MP: 2/2
   331 | D:1      | Found a faded altar of an unknown god.
   404 | D:1      | Reached XP level 3. HP: 24/24 MP: 3/3
  1190 | D:2      | Reached XP level 4. HP: 26/29 MP: 4/4
  1366 | D:3      | Reached XP level 5. HP: 4/33 MP: 5/5
  2385 | D:4      | Found an ancient bone altar of Kikubaaqudgha.
  2415 | D:4      | Reached XP level 6. HP: 37/38 MP: 6/6
  2472 | D:4      | Found a snail-covered altar of Cheibriados.
  2800 | D:5      | Entered Level 5 of the Dungeon
  2980 | D:5      | Mangled by an ogre

Illustrated notes

Levels and vault maps discovered:
D:1:      wander_arrival_desolate, layout_rooms, ebering_ecumenical_altar_mist
D:2:      layout_basic
D:3:      layout_basic
D:4:      layout_gridville, lemuel_tele_altar, slow_altar_1
D:5:      layout_rooms

Skill      XL: |  1  2  3  4  5 |
---------------+----------------+-----
Axes           | 2 3 4 |  4.7
Fighting       | 4 |  4.3
Armour         | 4 |  4.3
Shields        | |  3.8

Action                   |  1- 3 |  4- 6 || total
-------------------------+-------+-------++-------
Melee: War axe           |    91 |   142 ||   233
  Use: Scroll            |     7 |     3 ||    10
Armor: Scale mail        |    51 |    85 ||   136
Dodge: Dodged            |    39 |    57 ||    96
Block: Buckler           |    24 |    35 ||    59

Table legend: (Time is in decaauts)
 A = Elapsed time spent in this place.
 B = Non-inter-level travel time spent in this place.
 C = Inter-level travel time spent in this place.
 D = Time resting spent in this place.
 E = Time spent auto-exploring this place.
 F = Levels seen in this place.
 G = Mean time per level.
                   A        B        C        D        E       F      G
               +--------+--------+--------+--------+--------+-----+--------+
         Total |   3073 |   3055 |     18 |    223 |   2020 |   5 |  614.6 |
       Dungeon |   3073 |   3055 |     18 |    223 |   2020 |   5 |  614.6 |
               +--------+--------+--------+--------+--------+-----+--------+

Top non-repeatable levels by time:
     D:2: 902 daAuts
     D:3: 816 daAuts
     D:4: 669 daAuts
     D:1: 502 daAuts
     D:5: 183 daAuts
